 Dungeon Crawl Stone Soup version 0.24-a0-434-gd57e52fea8 (webtiles) character file.

Game seed: 8768048986073195155

44400 Cofein the Fencer (level 14, -2/113 HPs)
             Began as a Formicid Fighter on June 15, 2019.
             Was a High Priest of Makhleb.
             Slain by a death yak (12 damage)
             ... on level 6 of the Lair of Beasts.
             The game lasted 01:20:02 (19264 turns).

Cofein the Fencer (Formicid Fighter)               Turns: 19264, Time: 01:20:03

Health: -2/113     AC: 17    Str: 25    XL:     14   Next: 65%
Magic:  21/21      EV:  8    Int:  9    God:    Makhleb [*****.]
Gold:   1367       SH: 16    Dex: 13    Spells: 13/13 levels left

rFire    . . .     SeeInvis +   K - +3 scimitar (flame)
rCold    . . .     Gourm    .   c - +0 shield
rNeg     . . .     Faith    .   r - +0 plate armour
rPois    .         Spirit   .   (helmet unavailable)
rElec    .         Reflect  +   (no cloak)
rCorr    .         Harm     .   (no gloves)
MR       ++...                  z - +0 pair of boots
Stlth    ..........             y - +3 amulet of reflection
HPRegen  0.28/turn              O - ring of protection from magic
MPRegen  0.17/turn              h - +3 ring of strength

@: no status effects
A: permanent stasis, dig shafts and tunnels, four strong arms, antennae 3
a: Dig, Shaft Self, Minor Destruction, Lesser Servant of Makhleb, Major
Destruction, Greater Servant of Makhleb, Renounce Religion


You were on level 6 of the Lair of Beasts.
You worshipped Makhleb.
Makhleb was extremely pleased with you.
You were not hungry.

You visited 3 branches of the dungeon, and saw 19 of its levels.
You also visited: Volcano.

You collected 1367 gold pieces.

Inventory:

Hand Weapons
 a - a +0 long sword
 q - a +2 falchion of electrocution
 D - a +0 great sword
 K - a +3 scimitar of flaming (weapon)
Missiles
 t - 22 boomerangs (quivered)
Armour
 b - a +0 scale mail
 c - a +0 shield (worn)
 d - +0 fire dragon scales
 r - a +0 plate armour (worn)
 z - a +0 pair of boots (worn)
 R - a +1 scale mail of fire resistance
Jewellery
 e - an uncursed amulet of guardian spirit
 h - a +3 ring of strength (right hand)
 y - a +3 amulet of reflection (around neck)
 G - an uncursed ring of resist corrosion
 H - an uncursed ring of protection from magic
 O - a ring of protection from magic (left hand)
 X - an uncursed ring of protection from magic
Wands
 m - a wand of acid (12)
 o - a wand of flame (65)
 w - a wand of iceblast (3)
 M - a wand of polymorph (9)
 W - a wand of enslavement (11)
Scrolls
 g - 5 scrolls of magic mapping
 i - 8 scrolls of remove curse
 n - 3 scrolls of immolation
 p - 2 scrolls of enchant armour
 v - 4 scrolls of fog
 x - 2 scrolls of enchant weapon
 C - a scroll of amnesia
 F - 2 scrolls of summoning {unknown}
 I - 4 scrolls of noise {unknown}
 L - 3 scrolls of holy word {unknown}
 Q - 2 scrolls of identify
 S - a scroll of acquirement {unknown}
 U - a scroll of fear {unknown}
Potions
 j - 3 potions of flight
 k - 7 potions of curing
 s - 3 potions of resistance
 u - 3 potions of magic
 A - 2 potions of brilliance
 B - a potion of cancellation {unknown}
 E - 3 potions of lignification
 J - 2 potions of ambrosia
 N - 3 potions of mutation
 P - 3 potions of agility
 T - a potion of might
Miscellaneous
 l - a box of beasts
Comestibles
 f - 16 rations
 V - 4 chunks of flesh


   Skills:
 + Level 11.3 Fighting
 * Level 15.0 Long Blades
 - Level 0.3 Throwing
 + Level 12.2 Armour
 - Level 0.9 Dodging
 - Level 1.1 Stealth
 - Level 10.7 Shields
 + Level 10.1 Invocations


You had 13 spell levels left.
You didn't know any spells.
Your spell library contained the following spells:

 Spells                   Type           Power        Failure   Level  Hunger
 Flame Tongue             Conj/Fire      #....        98%         1    ##.....
 Freeze                   Ice            #...         98%         1    ##.....
 Magic Dart               Conj           #...         98%         1    ##.....
 Sandblast                Erth           #.....       98%         1    ##.....
 Summon Small Mammal      Summ           #...         98%         1    ##.....
 Call Imp                 Summ           #.......     99%         2    ###....
 Ensorcelled Hibernation  Hex/Ice        #.....       99%         2    ###....
 Slow                     Hex            #.......     99%         2    ###....
 Throw Flame              Conj/Fire      #.....       99%         2    ###....
 Throw Frost              Conj/Ice       #.....       99%         2    ###....
 Call Canine Familiar     Summ           #.......     100%        3    ####...
 Conjure Flame            Conj/Fire      #.......     100%        3    ####...
 Mephitic Cloud           Conj/Pois/Air  #.......     100%        3    ####...
 Stone Arrow              Conj/Erth      #.....       100%        3    ####...
 Summon Guardian Golem    Hex/Summ       #.......     100%        3    ####...
 Summon Ice Beast         Ice/Summ       #.......     100%        4    #####..
 Summon Lightning Spire   Summ/Air       #.......     100%        4    #####..
 Throw Icicle             Conj/Ice       #.......     100%        4    #####..
 Irradiate                Conj/Tmut      #.........   100%        5    ######.
 Hydra Form               Tmut           #.........   100%        6    #######
 Iron Shot                Conj/Erth      #.........   100%        6    #######
 Ozocubu's Refrigeration  Ice            #.........   100%        6    #######
 Statue Form              Tmut/Erth      #........    100%        6    #######
 Dragon Form              Tmut           #.........   100%        7    #######
 Blink                    Tloc           Unusable     N/A         2    N/A

Dungeon Overview and Level Annotations

Branches:
Dungeon (12/15)            Temple (1/1) D:5            Lair (6/6) D:11
 Shoals (0/4) Lair:3        Snake (0/4) Lair:3        Slime (0/5) Lair:5
    Orc (0/2) D:10

Altars:
Ashenzari
Cheibriados
Dithmenos
Elyvilon
Fedhas
Gozag
Hepliaklqana
Kikubaaqudgha
Makhleb
Nemelex Xobeh
Okawaru
Qazlal
Ru
Sif Muna
Trog
Uskayaw
Vehumet
Wu Jian
Xom
Yredelemnul
Zin
The Shining One
Beogh
Jiyva

Shops:
D:5 *   D:11 *

Annotations:
D:8 2 transporters, Ratty's ghost, novice MiFi
D:10 3 runed translucent doors


Innate Abilities, Weirdness & Mutations

You cannot be hasted, slowed, berserked, paralysed or teleported.
You can dig through walls and to a lower floor.
Your four strong arms can wield two-handed weapons with a shield.
You have a pair of large antennae on your head. (SInv)


Message History

You block the death yak's attack.
You slash the death yak! You burn the death yak.
The death yak is heavily wounded.
You block the death yak's attack. x2
You hit the death yak but do no damage.
The death yak is heavily wounded.
The death yak gores you!!
* * * LOW HITPOINT WARNING * * *
You block the death yak's attack. The death yak closely misses you.
You hit the death yak. You burn the death yak.
The death yak is almost dead.
You hit the death yak. You burn the death yak.
The death yak is almost dead.
The death yak gores you!!
* * * LOW HITPOINT WARNING * * *
The death yak gores you!
* * * LOW HITPOINT WARNING * * *
You feel better. The death yak gores you!
You die...

######## ##
#####.#.##.################ ####.
##.P.YP...#YY##Y.##.......###.#.#
............YYYYY.......P........
...<...P...###.#@.......P##......
###......#######....#.#..###.....
##.....####.#.##.....#..P#.##....
###...†.#....#.#....###....#....P
#......#.....##....P#.....#....+
#.P..........##.....PP...##.÷...
##P..........##.............#...#
###....P....##.#....P......#....#
#......#...###......#..........P


You could see 4 death yaks and 4 yaks.

Vanquished Creatures
  A fire dragon (Volcano)
  Harold (D:7)
  3 hydras
  3 catoblepae (Lair:6)
  Erica (D:9)
  2 two-headed ogres (Volcano)
  5 death yaks (Lair:6)
  Urug (D:11)
  Nergalle (D:11)
  Pikel (D:5)
  2 salamanders (Volcano)
  4 manticores
  9 elephants
  Joseph (D:7)
  Psyche (D:9)
  4 black mambas
  A torpor snail (Lair:6)
  4 spiny frogs
  A gargoyle (D:11)
  7 komodo dragons
  3 rime drakes
  A merfolk (D:10)
  A troll (D:9)
  4 blink frogs
  4 hippogriffs
  A wraith (D:11)
  6 wyverns
  40 yaks
  2 fire bats (Volcano)
  Grum (Lair:1)
  3 basilisks
  A hungry ghost (D:8)
  Edmund (D:5)
  3 nagas (Lair:3)
  2 hell hounds (Lair:3)
  9 water moccasins
  6 porcupines
  Duvessa (D:4)
  A hornet zombie (D:9)
  4 sky beasts
  3 ice beasts
  5 orc warriors
  A necrophage (D:6)
  A phantom (D:7)
  15 wolves
  5 ogres
  4 centaurs
  17 crocodiles
  A big kobold (D:8)
  8 bullfrogs
  Dowan (D:4)
  2 water moccasin zombies
  2 water moccasin skeletons
  3 scorpions
  4 wights (D:11)
  A howler monkey (D:6)
  3 crimson imps
  2 centaur zombies
  2 bullfrog zombies (D:6)
  A quasit (D:6)
  4 hounds
  5 jellies
  9 orc priests
  2 centaur skeletons
  2 bullfrog skeletons
  5 orc wizards
  A worker ant (D:6)
  Ijyb (D:4)
  4 hell rats (Lair:3)
  5 iguanas
  Natasha (thrice) (D:3)
  A killer bee zombie (D:9)
  A hound zombie (D:3)
  A hound skeleton (D:6)
  A worker ant zombie (D:11)
  3 gnolls (D:5)
  A howler monkey skeleton (D:4)
  11 adders
  3 shadow imps
  2 white imps (D:10)
  3 ufetubi (D:10)
  2 oozes
  An adder zombie (D:9)
  An adder skeleton (D:5)
  5 worms
  2 dart slugs (D:1)
  5 leopard geckos
  42 orcs
  8 giant cockroaches
  6 goblins
  7 hobgoblins
  6 jackals
  14 kobolds
  5 quokkas
  A ball python (D:8)
  A ball python skeleton (D:4)
  12 bats
  9 frilled lizards
  A giant cockroach zombie (D:6)
  A leopard gecko skeleton (D:4)
  8 rats
  2 bushes (Lair:5)
  A plant (D:6)
436 creatures vanquished.

Vanquished Creatures (collateral kills)
  2 death yaks (Lair:6)
  A salamander (Volcano)
  A spiny frog (Lair:1)
  A blink frog (Lair:3)
  5 fire bats (Volcano)
  A yak (Lair:6)
  A wyvern (Volcano)
  4 wolves
  2 crocodiles
  3 plants
21 creatures vanquished.

Vanquished Creatures (others)
  A centaur (D:5)
  A hound (D:5)
  3 orcs (D:5)
  A frilled lizard (D:5)
  18 fungi
  9 plants (Lair:6)
33 creatures vanquished.

Grand Total: 490 creatures vanquished

Notes
Turn   | Place    | Note
-------+----------+-------------------------------------------
     0 | D:1      | Cofein the Formicid Fighter began the quest for the Orb.
     0 | D:1      | Reached XP level 1. HP: 18/18 MP: 1/1
     6 | D:1      | Noticed a hound
     6 | D:1      | Noticed a polar bear
     6 | D:1      | Noticed an anaconda
     6 | D:1      | Noticed a wyvern
   295 | D:1      | Reached XP level 2. HP: 20/24 MP: 2/2
   417 | D:1      | Reached XP level 3. HP: 28/29 MP: 3/3
  1115 | D:2      | Reached XP level 4. HP: 17/37 MP: 4/4
  1776 | D:2      | Reached skill level 3 in Long Blades
  2030 | D:3      | You fall into a shaft and drop 1 floor!
  2067 | D:4      | Reached XP level 5. HP: 42/42 MP: 5/5
  2366 | D:3      | Reached XP level 6. HP: 38/48 MP: 6/6
  2388 | D:3      | Noticed Natasha
  2391 | D:3      | Killed Natasha
  2508 | D:3      | Noticed Natasha
  2514 | D:3      | Killed Natasha
  2514 | D:3      | Reached skill level 4 in Long Blades
  2583 | D:3      | Noticed Natasha
  2591 | D:3      | Killed Natasha
  3154 | D:4      | Noticed Duvessa
  3154 | D:4      | Noticed Dowan
  3164 | D:4      | Killed Duvessa
  3164 | D:4      | Reached skill level 5 in Armour
  3164 | D:4      | Reached skill level 5 in Shields
  3164 | D:4      | Reached XP level 7. HP: 54/54 MP: 7/7
  3169 | D:4      | Killed Dowan
  3202 | D:4      | Reached skill level 5 in Long Blades
  3519 | D:4      | Noticed Ijyb
  3534 | D:4      | Killed Ijyb
  3998 | D:5      | Entered Level 5 of the Dungeon
  4051 | D:5      | Reached XP level 8. HP: 35/61 MP: 8/8
  4332 | D:5      | Noticed Pikel
  4365 | D:5      | Killed Pikel
  4365 | D:5      | Reached skill level 6 in Long Blades
  4488 | D:5      | Found a staircase to the Ecumenical Temple.
  4490 | D:5      | Noticed Edmund
  4498 | D:5      | Reached skill level 5 in Fighting
  4511 | D:5      | Killed Edmund
  4511 | D:5      | Reached XP level 9. HP: 49/68 MP: 9/9
  4515 | Temple   | Entered the Ecumenical Temple
  4681 | Temple   | Became a worshipper of Makhleb the Destroyer
  4713 | D:5      | Found Posas's General Store.
  4772 | D:5      | Found a white marble altar of Elyvilon.
  5155 | D:5      | Found a deep blue altar of Sif Muna.
  5197 | D:5      | Found a hazy altar of Hepliaklqana.
  5286 | D:5      | Found a sparkling altar of Nemelex Xobeh.
  5369 | D:6      | Found a blossoming altar of Fedhas.
  5501 | D:6      | Reached skill level 7 in Long Blades
  5983 | D:6      | Found a glowing silver altar of Zin.
  6152 | D:6      | Reached * piety under Makhleb
  6530 | D:7      | Noticed Joseph
  6724 | D:7      | Killed Joseph
  6724 | D:7      | Reached skill level 8 in Long Blades
  6724 | D:7      | Reached skill level 1 in Stealth
  6820 | D:7      | You fall into a shaft and drop 1 floor!
  6820 | D:8      | Found a stormy altar of Qazlal.
  6981 | D:8      | Noticed Ratty's ghost (novice MiFi)
  7005 | D:8      | Found a transporter.
  7013 | D:8      | Found a transporter.
  7144 | D:8      | Reached XP level 10. HP: 76/76 MP: 10/10
  7893 | D:7      | Reached ** piety under Makhleb
  7918 | D:7      | Noticed Harold
  7932 | D:7      | Killed Harold
  7932 | D:7      | Reached skill level 9 in Long Blades
  8588 | D:9      | Found a shimmering altar of Xom.
  8674 | D:9      | Noticed Psyche
  8683 | D:9      | Killed Psyche
  8683 | D:9      | Reached skill level 10 in Shields
  8692 | D:9      | Noticed Erica
  8706 | D:9      | Killed Erica
  8706 | D:9      | Reached skill level 10 in Long Blades
  8706 | D:9      | Reached XP level 11. HP: 58/83 MP: 7/11
  8985 | D:10     | Entered Level 10 of the Dungeon
  8997 | D:10     | Reached *** piety under Makhleb
  9013 | D:10     | Reached skill level 1 in Invocations
  9060 | D:10     | Identified the Grimoire of Earthen Fire
  9370 | D:10     | Found a staircase to the Orcish Mines.
  9569 | D:10     | Found a roughly hewn altar of Beogh.
  9652 | D:10     | Found a runed translucent gate.
  9652 | D:10     | Found a runed translucent gate.
  9652 | D:10     | Noticed a purple ugly thing
  9653 | D:10     | Found a runed translucent gate.
  9653 | D:10     | Noticed a white ugly thing
  9675 | D:10     | Noticed a red ugly thing
  9678 | D:10     | Noticed a green ugly thing
 10090 | D:11     | Identified Keubb's Incunabulum of the Snowflakes
 10122 | D:11     | Noticed a manticore
 10133 | D:11     | Killed a manticore
 10152 | D:11     | Reached **** piety under Makhleb
 10243 | D:11     | Reached skill level 11 in Long Blades
 10323 | D:11     | Noticed Nergalle
 10330 | D:11     | Killed Nergalle
 10705 | D:11     | Noticed Urug
 10815 | D:11     | Killed Urug
 10940 | D:11     | Reached XP level 12. HP: 83/92 MP: 13/15
 11024 | D:11     | Found Recwiasy's General Store.
 11025 | D:11     | Found a staircase to the Lair.
 11291 | Lair:1   | Entered Level 1 of the Lair of Beasts
 11328 | Lair:1   | Reached skill level 5 in Invocations
 11671 | Lair:1   | Noticed Grum
 11742 | D:11     | HP: 4/94 [porcupine (6)]
 12158 | Lair:1   | Killed Grum
 12158 | Lair:1   | Reached skill level 12 in Long Blades
 12712 | Lair:1   | Reached skill level 10 in Armour
 14462 | Lair:3   | Found a dark tunnel.
 14591 | Volcano  | Entered a volcano
 14592 | Volcano  | Noticed a two-headed ogre
 14598 | Volcano  | Killed a two-headed ogre
 14598 | Volcano  | Reached XP level 13. HP: 101/101 MP: 18/18
 14639 | Volcano  | Reached skill level 13 in Long Blades
 14803 | Volcano  | Noticed a fire dragon
 14822 | Volcano  | Killed a fire dragon
 15034 | Lair:3   | Reached skill level 10 in Fighting
 15057 | Lair:3   | Found a staircase to the Snake Pit.
 15078 | Lair:3   | Found a staircase to the Shoals.
 15325 | Lair:3   | Reached ***** piety under Makhleb
 15802 | Lair:4   | Noticed a four-headed hydra
 15809 | Lair:4   | Killed a one-headed hydra
 16338 | Lair:4   | Reached skill level 14 in Long Blades
 16646 | Lair:5   | Found a viscous altar of Jiyva.
 16646 | Lair:5   | Found a staircase to the Slime Pits.
 16994 | Lair:5   | Reached XP level 14. HP: 90/111 MP: 20/20
 17528 | Lair:6   | Entered Level 6 of the Lair of Beasts
 18968 | Lair:6   | Reached skill level 10 in Invocations
 19220 | Lair:6   | Reached skill level 15 in Long Blades
 19263 | Lair:6   | HP: 3/113 [death yak (11)]
 19264 | Lair:6   | Slain by a death yak

Levels and vault maps discovered:
D:1:      onia_arrival_zoo_common, layout_basic
D:2:      layout_basic
D:3:      layout_loops_ring, uniq_natasha
D:4:      layout_loops_ring, uniq_ijyb, uniq_duvessa
D:5:      layout_cave_pods, lemuel_coloured_pillars_altar,
          lemuel_blue_sif_altar, nemelex_xobeh_ov_fountains_minmay,
          elyvilon_altar_4, minmay_temple_entry_drinking_statues, serial_shops,
          kennysheep_little_box, first_ration, grunt_ministairs_3, uniq_pikel,
          uniq_edmund
D:6:      layout_basic, zin_statuary, fedhas_altar_3
D:7:      layout_rooms, serial_glass, glass_columns_a, glass_columns_a,
          uniq_joseph, uniq_harold
D:8:      layout_loops_cross, lemuel_round_altar, gammafunk_ghost_arena,
          kennysheep_generic_room_8
D:9:      layout_roguey, lemuel_crystal_altar, uniq_psyche, uniq_erica
D:10:     layout_loops_ring, minmay_orc_entry_temple_small,
          ploomutoo_gammafunk_ghost_potion_laboratory, serial_ice, serial_ice_a,
          serial_ice_h, serial_ice_o, serial_ice_g, hangedman_fish_farm,
          dk_vineyard_3
D:11:     layout_roguey, lair_entry_dummy, serial_shops, nicolae_shop_stone,
          uniq_urug, uniq_nergalle
D:12:     layout_basic, gauntlet_entry_generic
Temple:   jpeg_temple_clearing
Lair:1:   layout_cave_pods, grunt_megastairs_1, uniq_grum
Lair:2:   layout_loops_ring, infiniplex_staircase_pool_2, grunt_megastairs_2
Lair:3:   layout_misc_corridors, minmay_shoals_entry_beasts,
          minmay_snake_entry_guardpost_small, enter_volcano_3
Lair:4:   layout_loops_ring, grunt_megastairs_3
Lair:5:   layout_hall_layers, slime_altar_1, serial_forest,
          infiniplex_forest_clump_C, infiniplex_forest_clump_medium,
          infiniplex_forest_clump_C, infiniplex_forest_lined_2,
          infiniplex_forest_lined_3, infiniplex_forest_clump_long,
          infiniplex_forest_fountain, infiniplex_forest_clump_tiny,
          st_stairs_13, eino_small_chamber_without_monster
Lair:6:   evilmike_catoblepas_cave, layout_regular_city

Skill      XL: |  1  2  3  4  5  6  7  8  9 10 11 12 13 14 |
---------------+-------------------------------------------+-----
Shields        | 4 5 6 8 10 | 10.7
Armour         | 4 5 6 7 8 9 10 11 12 | 12.2
Long Blades    | 3 4 5 6 8 10 11 12 14 15 | 15.0
Fighting       | 4 5 6 8 9 10 11 | 11.3
Stealth        | 1 |  1.1
Invocations    | 4 7 9 10 | 10.1
Throwing       | |  0.3
Dodging        | |  0.9

Action                   |  1- 3 |  4- 6 |  7- 9 | 10-12 | 13-15 || total
-------------------------+-------+-------+-------+-------+-------++-------
Melee: Long sword        |   132 |   157 |       |       |       ||   289
       Falchion          |       |    44 |   343 |   145 |       ||   532
       Scimitar          |       |       |       |   564 |   605 ||  1169
Throw: Boomerang         |       |       |       |     2 |       ||     2
Invok: Lesser Servant of |       |       |       |     8 |    12 ||    20
       Minor Destruction |       |       |       |     2 |     2 ||     4
       Major Destruction |       |       |       |       |     1 ||     1
 Abil: Dig               |       |       |       |     1 |     2 ||     3
Evoke: Wand              |       |       |       |     1 |     1 ||     2
  Use: Scroll            |     4 |     5 |     5 |       |     9 ||    23
       Potion            |       |     1 |       |     4 |     6 ||    11
 Stab: Distracted        |       |       |       |     2 |     3 ||     5
       Petrified         |       |       |       |       |     2 ||     2
  Eat: Chunk             |     1 |     5 |       |    13 |    12 ||    31
       Ration            |       |     1 |     4 |     3 |     1 ||     9
Armor: Scale mail        |    78 |    67 |       |       |       ||   145
       Plate armour      |       |     1 |   132 |   285 |   197 ||   615
Dodge: Dodged            |    47 |    54 |    58 |   182 |    89 ||   430
Block: Shield            |    82 |   109 |   171 |   468 |   383 ||  1213
       Reflection        |       |       |       |       |     3 ||     3
       Rpst.: Long sword |    11 |    16 |       |       |       ||    27
       Falchion          |       |     3 |    10 |     8 |       ||    21
       Scimitar          |       |       |       |    45 |    27 ||    72

Table legend:
 A = Non-vault XP
 B = Vault XP
 C = Vault XP percentage of total XP
 D = Non-vault monster count
 E = Vault monster count
 F = Vault count percentage of total count
                 A         B        C        D         E       F
            +---------+---------+-------+---------+---------+-------
      Total |   35910 |   27519 |  43.4 |     349 |     102 |  22.6
            +---------+---------+-------+---------+---------+-------
        D:1 |      55 |       0 |   0.0 |      29 |       0 |   0.0
        D:2 |      59 |       0 |   0.0 |      22 |       0 |   0.0
        D:3 |     243 |      35 |  12.6 |      33 |       1 |   2.9
        D:4 |     321 |     251 |  43.9 |      15 |       3 |  16.7
        D:5 |     214 |     818 |  79.3 |       8 |       3 |  27.3
        D:6 |     776 |       0 |   0.0 |      29 |       0 |   0.0
        D:7 |    1129 |    1441 |  56.1 |      27 |       2 |   6.9
        D:8 |     755 |       0 |   0.0 |      18 |       0 |   0.0
        D:9 |     995 |    1345 |  57.5 |      13 |       2 |  13.3
       D:10 |     984 |     887 |  47.4 |      24 |      15 |  38.5
       D:11 |    4681 |    1975 |  29.7 |      29 |       5 |  14.7
     Lair:1 |    2574 |    1774 |  40.8 |      13 |      13 |  50.0
     Lair:2 |    3477 |       0 |   0.0 |      18 |       0 |   0.0
     Lair:3 |    5042 |    1448 |  22.3 |      29 |       7 |  19.4
     Lair:4 |    4223 |     378 |   8.2 |      13 |       1 |   7.1
     Lair:5 |    4039 |     411 |   9.2 |      12 |       1 |   7.7
     Lair:6 |    6343 |   10003 |  61.2 |      17 |      22 |  56.4
    Volcano |       0 |    6753 | 100.0 |       0 |      27 | 100.0
            +---------+---------+-------+---------+---------+-------
